 Dungeon Crawl Stone Soup version 0.31-a0-963-ga325b2283a (webtiles) character file.

Game seed: 10884491591968582732

773216 p00ps00p the Axe Maniac (level 27, -7/271 (273) HPs)
             Began as a Hill Orc Fighter on Oct 24, 2023.
             Was a High Priest of the Shining One.
             Succumbed to a tainted leviathan's dark miasma
             ... on level 7 of Tartarus on Oct 25, 2023.
             The game lasted 05:06:24 (97728 turns).

p00ps00p the Axe Maniac (Hill Orc Fighter)         Turns: 97728, Time: 05:06:26

HP:   -7/271 (273)  AC: 53    Str: 31    XL:     27
MP:   31/33         EV: 23    Int:  8    God:    the Shining One [*****.]
Gold: 2116          SH: 46    Dex: 12    Spells: 26/26 levels left

rFire   . . .        n - +9 broad axe (holy)
rCold   + . .        h - +8 tower shield
rNeg    + + .        T - +9 gold dragon scales
rPois   +            j - +0 helmet "Esil" {rPois rF- Will+++ Stlth-}
rElec   .            C - +4 dragonskin cloak
rCorr   .            Z - +3 pair of gauntlets of War {Slay+5}
SInv    .            l - +2 pair of boots {rampage}
Will    ++...        K - amulet of faith
Stlth   +            y - +5 ring of evasion
HPRegen 0.65/turn    G - +5 ring of evasion
MPRegen 0.23/turn

%: rampage, faith
@: lethally poisoned (-7 -> -32), divinely shielded, mesmerised, slowed,
glowing, studying 2 skills, lightly drained, weak-willed, very slow
A: hooves 1, low MP 1
}: 5/15 runes: decaying, slimy, silver, abyssal, gossamer
a: Renounce Religion, Divine Shield, Cleansing Flame, Summon Divine Warrior


You were on level 7 of Tartarus.
You worshipped the Shining One.
The Shining One was extremely pleased with you.
You visited 14 branches of the dungeon, and saw 63 of its levels.
You visited the Abyss 6 times.
You visited 1 ziggurat, and saw 8 of its levels.
You also visited: Ossuary, Ice Cave and Desolation.

You collected 37235 gold pieces.
You spent 12834 gold pieces at shops.
You paid 22285 gold pieces to Gozag.

Inventory:

Hand Weapons
 k - a +2 hand axe of flaming
 n - a +9 broad axe of holy wrath (weapon)
 u - a +3 broad axe
 w - a +9 heavy hand axe
 A - the +16 obsidian axe {drain, demonic, Mesm Drain Fly SInv}
   (You bought it in a shop on level 3 of the Dungeon)

   Mesm:      Its wielder is mesmerised by any visible foes, and it cannot be
   unequipped while any foes are visible.
   SInv:      It lets you see invisible.
   Fly:       It grants you flight.
   Drain:     It drains your maximum health when unequipped.
   The Shining One disapproves of the use of such an item.
 U - a +2 broad axe of freezing
Armour
 h - a +8 tower shield (worn)
 j - the +0 helmet "Esil" (worn) {rPois rF- Will+++ Stlth-}
   (You acquired it on level 2 of the Crypt)

   rF-:       It makes you vulnerable to fire.
   rPois:     It protects you from poison Will+++: It greatly increases your
   willpower.
   Stlth-:    It makes you less stealthy.
 l - a +2 pair of boots of rampaging (worn)
 p - the +2 helmet of the New World {rF+ rN+ rCorr}
   (You bought it in a shop on level 4 of the Depths)

   rF+:       It protects you from fire.
   rN+:       It protects you from negative energy.
   rCorr:     It protects you from acid and corrosion.
 C - the +4 dragonskin cloak (worn)
   (You took it off Tiamat on level 1 of the Realm of Zot)

   Avatar's Aegis: It grants the wearer a chance to resist fire, cold, poison,
   electricity, acid, and negative energy.
 T - +9 gold dragon scales (worn)
 V - the +1 cloak of Starlight {*Dazzle EV+4 Stlth--}
   (You bought it in a shop on level 4 of the Depths)

   *Dazzle:   It may blind those who miss an attack against the wearer in melee
   combat.
   EV+4:      It affects your evasion (+4).
   Stlth--:   It makes you much less stealthy.
 Z - the +3 pair of gauntlets of War (worn) {Slay+5}
   (You found it on level 3 of the Spider Nest)

   Slay+5:    It affects your accuracy & damage with ranged weapons and melee
   (+5).
Jewellery
 y - a +5 ring of evasion (left hand)
 G - a +5 ring of evasion (right hand)
 K - an amulet of faith (around neck)
 W - the amulet "Jituk" {Reflect Str+3 Dex+3 SH+5}
   (You acquired it on level 2 of the Realm of Zot)

   [amulet of reflection]

   Reflect:   It reflects blocked missile attacks.
   Str+3:     It affects your strength (+3).
   Dex+3:     It affects your dexterity (+3).
   SH+5:      It affects your SH (+5).
Wands
 a - a wand of mindburst (73)
 r - a wand of digging (33)
 J - a wand of flame (166)
 L - a wand of polymorph (14)
 P - a wand of iceblast (55)
 R - a wand of quicksilver (5)
 S - a wand of charming (66)
Scrolls
 b - 11 scrolls of fog
 d - 3 scrolls of fear
 g - 11 scrolls of amnesia
 o - a scroll of torment
 q - 15 scrolls of teleportation
 x - 4 scrolls of immolation
 E - 4 scrolls of silence
 H - 12 scrolls of poison
 O - 9 scrolls of revelation
Potions
 c - 6 potions of invisibility
 e - 4 potions of enlightenment
 f - 12 potions of brilliance
 i - 39 potions of curing
 m - 6 potions of cancellation
 s - 6 potions of berserk rage
 t - a potion of attraction
 v - 12 potions of resistance
 z - 12 potions of haste
 B - 4 potions of magic
 F - 2 potions of heal wounds
 M - 2 potions of mutation
 Q - 11 potions of ambrosia
 Y - 6 potions of might
Miscellaneous
 D - a box of beasts
 I - a phantom mirror (inert)


   Skills:
 O Level 27 Fighting
 O Level 27 Axes
 O Level 27 Armour
 - Level 15.9 Dodging
 - Level 24.8 Stealth
 O Level 27 Shields
 + Level 20.7 Invocations
 - Level 12.7 Evocations


You had 26 spell levels left.
You didn't know any spells.
Your spell library contained the following spells:

 Spells                   Type           Power      Damage    Failure   Level
 Apportation              Tloc           0%         N/A       91%         1
 Foxfire                  Conj/Fire      0%         2x1d4     91%         1
 Freeze                   Ice            0%         1d3       91%         1
 Kiss of Death            Conj/Necr      0%         2d5       91%         1
 Magic Dart               Conj           0%         1d3       91%         1
 Necrotise                Necr           0%         1d4       91%         1
 Sandblast                Erth           0%         2d4       91%         1
 Shock                    Conj/Air       0%         1d3       91%         1
 Slow                     Hex            0%         N/A       91%         1
 Blink                    Tloc           0%         N/A       97%         2
 Cigotuvi's Dreadful Rot  Necr/Pois/Air  0%         N/A       97%         2
 Ensorcelled Hibernation  Hex/Ice        0%         N/A       97%         2
 Lesser Beckoning         Tloc           0%         N/A       97%         2
 Poisonous Vapours        Pois/Air       0%         N/A       97%         2
 Scorch                   Fire           0%         2d5       97%         2
 Searing Ray              Conj           0%         2d4       97%         2
 Static Discharge         Conj/Air       0%         3-3/arc   97%         2
 Sublimation of Blood     Necr           0%         N/A       97%         2
 Wereblood                Tmut           0%         N/A       97%         2
 Confusing Touch          Hex            0%         N/A       100%        3
 Dazzling Flash           Conj/Hex       0%         N/A       100%        3
 Frozen Ramparts          Ice            0%         1d1       100%        3
 Gell's Gravitas          Tloc           0%         N/A       100%        3
 Hailstorm                Conj/Ice       0%         3d3       100%        3
 Mephitic Cloud           Conj/Pois/Air  0%         N/A       100%        3
 Ozocubu's Armour         Ice            0%         N/A       100%        3
 Sigil of Binding         Hex            0%         N/A       100%        3
 Stone Arrow              Conj/Erth      0%         3d7       100%        3
 Swiftness                Air            0%         N/A       100%        3
 Tukima's Dance           Hex            0%         N/A       100%        3
 Vampiric Draining        Necr           0%         2d6       100%        3
 Volatile Blastmotes      Fire/Tloc      0%         2d10      100%        3
 Airstrike                Air            0%         2d(0-16)  100%        4
 Anguish                  Hex/Necr       0%         N/A       100%        4
 Animate Armour           Summ/Erth      0%         N/A       100%        4
 Brom's Barrelling Bould  Conj/Erth      0%         2d3       100%        4
 Cause Fear               Hex            0%         N/A       100%        4
 Dimensional Bullseye     Hex/Tloc       0%         N/A       100%        4
 Dispel Undead            Necr           0%         3d6       100%        4
 Flame Wave               Conj/Fire      0%         2d4       100%        4
 Fulminant Prism          Conj/Hex       0%         3d5       100%        4
 Iskenderun's Mystic Bla  Conj/Tloc      0%         2d3       100%        4
 Leda's Liquefaction      Hex/Erth       0%         N/A       100%        4
 Manifold Assault         Tloc           0%         N/A       100%        4
 Olgreb's Toxic Radiance  Pois           0%         N/A       100%        4
 Passage of Golubria      Tloc           0%         N/A       100%        4
 Petrify                  Tmut/Erth      0%         N/A       100%        4
 Summon Ice Beast         Ice/Summ       0%         N/A       100%        4
 Summon Lightning Spire   Summ/Air       0%         N/A       100%        4
 Vhi's Electric Charge    Tloc/Air       0%         N/A       100%        4
 Agony                    Necr           0%         N/A       100%        5
 Alistair's Intoxication  Tmut/Pois      0%         N/A       100%        5
 Arcjolt                  Conj/Air       0%         1d10      100%        5
 Borgnjor's Vile Clutch   Necr/Erth      0%         N/A       100%        5
 Fireball                 Conj/Fire      0%         3d3       100%        5
 Freezing Cloud           Conj/Ice/Air   0%         6-21      100%        5
 Irradiate                Conj/Tmut      0%         3d11      100%        5
 Iskenderun's Battlesphe  Conj           0%         2d6       100%        5
 Metabolic Englaciation   Hex/Ice        0%         N/A       100%        5
 Silence                  Hex/Air        0%         N/A       100%        5
 Summon Forest            Summ/Tloc      0%         N/A       100%        5
 Summon Mana Viper        Hex/Summ       0%         N/A       100%        5
 Bombard                  Conj/Erth      0%         9d1       100%        6
 Conjure Ball Lightning   Conj/Air       0%         3x3d6     100%        6
 Death Channel            Necr           0%         N/A       100%        6
 Eringya's Noxious Bog    Tmut/Pois      0%         4d6       100%        6
 Plasma Beam              Fire/Air       0%         2x1d10    100%        6
 Simulacrum               Ice/Necr       0%         N/A       100%        6
 Starburst                Conj/Fire      0%         6d3       100%        6
 Summon Cactus Giant      Summ           0%         N/A       100%        6
 Enfeeble                 Hex            0%         N/A       100%        7
 Haunt                    Necr/Summ      0%         N/A       100%        7
 Orb of Destruction       Conj           0%         9d5       100%        7
 Ozocubu's Refrigeration  Ice            0%         4d7       100%        7
 Spellforged Servitor     Conj/Summ      0%         N/A       100%        7
 Summon Hydra             Summ           0%         N/A       100%        7
 Borgnjor's Revivificati  Necr           0%         N/A       100%        8
 Discord                  Hex            0%         N/A       100%        8
 Lehudib's Crystal Spear  Conj/Erth      0%         10d2      100%        8
 Maxwell's Capacitive Co  Air            0%         ∞         100%        8
 Summon Horrible Things   Summ           0%         N/A       100%        8
 Death's Door             Necr           0%         N/A       100%        9
 Fire Storm               Conj/Fire      0%         5d1       100%        9


Dungeon Overview and Level Annotations

Branches:
Dungeon (15/15)            Temple (1/1) D:5            Lair (5/5) D:11
  Swamp (4/4) Lair:2       Spider (4/4) Lair:2        Slime (5/5) Lair:5
    Orc (2/2) D:10            Elf (3/3) Orc:2        Vaults (5/5) D:14
  Crypt (3/3) Vaults:3       Tomb (0/3) Crypt:3      Depths (4/4) D:15
   Hell (visited)             Dis (0/7) Hell            Geh (0/7) Hell
    Coc (0/7) Hell            Tar (7/7) Hell            Zot (5/5) Depths:4
Ossuary (visited)           IceCv (visited)         Desolation (visited)

Altars:
Ashenzari
Cheibriados
Dithmenos
Elyvilon
Fedhas
Gozag
Hepliaklqana
Kikubaaqudgha
Makhleb
Nemelex Xobeh
Okawaru
Qazlal
Ru
Sif Muna
Trog
Uskayaw
Vehumet
Wu Jian
Xom
Yredelemnul
Zin
The Shining One
Beogh
Jiyva

Shops:
D:3 (   D:4 *[   D:7 *   D:8 =   D:10 [   D:11 [   D:15 *   Orc:1 :
Orc:2 (:*[   Elf:1 !   Elf:3 =*[   Swamp:3 =   Spider:1 *   Spider:2 [=
Slime:1 =   Slime:5 *   Vaults:2 =*!!**(   Zot:2 [   Zot:5 *   Depths:1 =*
Depths:4 [

Portals:
Hell: Depths:1 Depths:2 Depths:3 Depths:4
Abyss: Depths:3 Depths:4
Pandemonium: Depths:1 Depths:2 Depths:3 Depths:4


Innate Abilities, Weirdness & Mutations

You have large cloven feet.
Your magical capacity is low. (-10% MP)


Message History

You hear a chilling moan. x6
Your shield is strengthened by the Shining One's divine power.
You are engulfed in dark miasma.
* * * LOW HITPOINT WARNING * * *
You feel sick.
You block the tainted leviathan's attack. x2
The Tzitzimitl completely misses you. You block the Tzitzimitl's attack.
You block the tainted leviathan's attack.
The tainted leviathan hits you!
* * * LOW HITPOINT WARNING * * *
The putrid mouth howls a warning cry!
The bone dragon closely misses you. The bone dragon claws you.
* * * LOW HITPOINT WARNING * * *
You block the bone dragon's attack. The Tzitzimitl barely misses you. x2
You hear a roar!
You hear a chilling moan.
You hear a bark!
Okay, then.
You feel much better.
You are engulfed in dark miasma.
* * * LOW HITPOINT WARNING * * *
You feel sick.
You hear a roar!
You block the tainted leviathan's attack. x2
You block the Tzitzimitl's attack. The Tzitzimitl bites you.
* * * LOW HITPOINT WARNING * * *
You block the bone dragon's attack.
The bone dragon claws you but does no damage.
You block the bone dragon's attack. The tainted leviathan hits you!
* * * LOW HITPOINT WARNING * * *
The tainted leviathan completely misses you.
The Tzitzimitl engulfs you.
* * * LOW HITPOINT WARNING * * *
You block the Tzitzimitl's attack. The putrid mouth completely misses you.
The putrid mouth claws you but does no damage.
The bone dragon misses you. x2; The bone dragon completely misses you.
The tainted leviathan closely misses you.
You block the tainted leviathan's attack.
Gozag petitions for your drink to fail.
You are engulfed in dark miasma.
You are lethally poisoned!
* * * LOW HITPOINT WARNING * * *
You die...

*,,,,,,,,,,,,,,,,*,,,,*,,,,**
*,,,,,,,,,,,,...,*,,,,*,,,,**
*,,,,,,,,,,,,...,*,,,,*,,,,**
*,,,,,,,,,,,°..,,************
*************'#****,,,,,,,***
##.## *,,,,,,,**, ##...##
*,,,,,,,**,
##1D...##*********,,
##°C@W...## **,,
##.○○......#* *,,,
#..#######..# *,,,
#.##*******,# **,,,
#.#**,,,**#.* *....
#.#,,,,,,,#.* *....
###'#########'### *#....
##...............###.....
###.................#......


You could see a bone dragon, a tainted leviathan (mesmerising, fast, incited), a
Tzitzimitl (fast, incited) and a putrid mouth.

Vanquished Creatures
  the Royal Jelly (Slime:5)
  Khufu (Crypt:3)
  3 dread liches
  3 ancient liches
  3 orbs of fire
  Tiamat (Zot:1)
  Mara (Elf:3)
  Mennas (Depths:4)
  The ghost of Cemmere the Wrestler, a veteran TrCK of Xom (Zot:2)
  2 juggernauts (Depths:3)
  3 pandemonium lords
  Parghit (Depths:4)
  Josephina (Zot:2)
  4 Killer Klowns (Zot:5)
  Margery (Crypt:2)
  Saint Roka (Elf:3)
  Xtahua (Vaults:5)
  6 caustic shrikes
  Geryon (Hell)
  2 curse toes (Zot:5)
  10 golden dragons
  Nikola (Spider:4)
  15 bone dragons
  4 Tzitzimimeh
  5 profane servitors
  Arachne (Spider:2)
  3 doom hounds
  A Brimstone Fiend (Zig:8)
  2 Ice Fiends
  An iron giant (Zot:3)
  10 tainted leviathans
  A Hell Sentinel (Zig:5)
  2 electric golems (Zot:5)
  2 spectral shard shrikes
  12 tentacled monstrosities
  24 Orb Guardians (Zot:5)
  6 liches
  A walking frostbound tome (Depths:3)
  2 deep elf master archers (Elf:3)
  4 quicksilver dragons
  3 deep elf blademasters
  33 acid blobs
  10 tentacled starspawn
  2 titans (Vaults:5)
  2 Executioners
  9 death cobs
  7 sphinxes
  An ancient champion (Crypt:3)
  Frances (Spider:1)
  12 tengu reavers
  Kirke (Spider:3)
  A thorn hunter (Swamp:4)
  11 storm dragons
  Donald (Elf:3)
  6 draconian monks
  A revenant (Crypt:3)
  An azure jelly (shapeshifter) (Zig:7)
  14 shadow dragons
  6 draconian knights
  22 azure jellies
  3 iron dragons
  23 rockslimes
  8 fire giants
  8 emperor scorpions
  A spectral juggernaut (Tar:1)
  9 frost giants
  2 balrugs
  7 deep elf sorcerers
  5 deep elf elementalists (Elf:3)
  12 vault wardens
  9 draconian stormcallers
  4 imperial myrmidons (Desolation)
  7 draconian shifters
  7 ghost moths
  A curse skull (Crypt:1)
  4 reapers
  2 orc warlords
  A demonspawn corrupter (Zig:8)
  A spectral caustic shrike (Tar:3)
  6 draconian scorchers
  17 ironbound preservers
  3 cacodemons
  7 war gargoyles
  13 ghouls
  35 quicksilver oozes
  9 formless jellyfish
  7 draconian annihilators
  23 very ugly things
  2 broodmothers (Spider:1)
  9 black draconians
  A demonspawn blood saint (Zig:6)
  11 stone giants
  11 ironbound thunderhulks
  3 eleionomae
  8 green draconians
  A demonspawn black sun (Zig:8)
  10 vampire knights
  8 deep elf demonologists
  The ghost of croobank the Fighter, a journeyman OpMo of Ashenzari (Lair:3)
  2 lorocyprocas
  12 putrid mouths
  3 spectral titans (Tar:1)
  5 deep elf annihilators
  19 white draconians
  A halazid warlock (Desolation)
  13 purple draconians
  14 yellow draconians
  A spark wasp (Spider:4)
  12 red draconians
  6 bunyips
  10 dire elephants
  13 ettins
  The ghost of Viredejo the Fighter, a journeyman OgSh of Cheibriados (Lair:1)
  7 eidola
  2 iron golems (Hell)
  2 crystal guardians
  5 entropy weavers
  19 jiangshi
  7 fire dragons
  12 deep elf death magi
  7 deep elf high priests
  A kraken zombie (Hell)
  4 spectral spriggans
  2 mummy priests (Crypt:3)
  A ragged hierophant (Desolation)
  5 blizzard demons
  11 great orbs of eyes
  3 rakshasas
  A shambling mangrove (Swamp:4)
  3 servants of whispers (Desolation)
  13 yaktaur captains
  Harold (D:11)
  7 ogre magi
  4 ice dragons
  The ghost of Dicwisan the Geomancer, a journeyman GrEE of Vehumet (Lair:1)
  9 hydras
  3 spriggan zombies
  2 jorogumos (Spider:3)
  A hell beast (Zig:3)
  A merfolk aquamancer (Zig:6)
  31 vault guards
  A radroach (Spider:4)
  A ghost crab (Swamp:2)
  8 ironbound frosthearts
  8 peacekeepers
  A catoblepas (D:13)
  6 boulder beetles
  4 alligators
  7 death knights
  10 two-headed ogres
  A satyr (shapeshifter) (Elf:3)
  An alligator snapping turtle (shapeshifter) (Zig:7)
  3 centaur warriors
  3 tengu warriors
  A deep troll shaman (Depths:4)
  2 death yaks (Lair:5)
  25 thrashing horrors
  26 dancing weapons
  2 hell hogs (Abyss:5)
  4 vampire magi
  5 spectral nagas
  2 naga sharpshooters (Zig:4)
  2 orc high priests
  17 deep elf knights
  13 demonic crawlers
  A spectral dire elephant (Lair:5)
  Urug (Lair:1)
  3 occultists
  2 deep troll earth magi
  Nergalle (Lair:3)
  A spriggan berserker (Swamp:4)
  8 spriggans
  2 titan skeletons (Crypt:1)
  14 shadow wraiths
  4 iron trolls
  5 soul eaters
  A storm dragon zombie (Crypt:1)
  11 wretched stars
  A skyshark (Lair:5)
  12 hell knights
  A salamander mystic (Depths:2)
  A sun moth (Spider:4)
  11 sun demons
  26 skeletal warriors
  A spectral anaconda (Lair:5)
  2 spriggan druids
  A spatial maelstrom (Abyss:4)
  7 sixfirhies
  7 flayed ghosts
  4 goliath frogs
  8 pharaoh ants
  2 spectral hydras
  6 glowing orange brains
  5 arcanists
  An orange crystal statue (IceCv)
  35 deep trolls
  A spectral death yak (Lair:5)
  4 shadow demons
  5 orb spiders
  9 steelbarb worms
  An obsidian statue (Lair:5)
  12 swamp dragons
  7 ironbound convokers
  15 phantasmal warriors
  9 orc knights
  7 deep elf archers
  9 bog bodies
  A mana viper (shapeshifter) (Depths:3)
  17 necromancers
  A tengu zombie (Vaults:1)
  31 deep elf pyromancers
  26 deep elf zephyrmancers
  60 starcursed masses
  2 mana vipers
  3 harpies (Vaults:1)
  10 lindwurms
  The ghost of jujuben the Zephyrmancer, a novice TeAE of the Shining One (D:7)
  2 orc sorcerers
  21 wolf spiders
  A wolf spider (shapeshifter) (Zig:7)
  2 alligator zombies (Hell)
  A spectral alligator snapping turtle (Tar:1)
  48 ugly things
  A manticore (shapeshifter) (Abyss:4)
  A stone giant zombie (Vaults:2)
  7 shining eyes
  25 moths of wrath
  3 salamanders
  3 spectral ettins
  6 manticores
  A salamander (shapeshifter) (D:15)
  4 will-o-the-wisps
  2 worldbinders
  A moth of wrath (shapeshifter) (Abyss:3)
  10 cyclopes
  An alligator skeleton (Hell)
  A dire elephant zombie (Abyss:3)
  4 elephants (Lair:5)
  A stone giant skeleton (Depths:1)
  2 spectral centaurs
  2 ice statues (Hell)
  An iron dragon skeleton (Abyss:4)
  8 rust devils (Hell)
  A fire giant skeleton (Depths:2)
  3 guardian serpents (Desolation)
  2 torpor snails (Spider:2)
  An apocalypse crab (Zig:7)
  A shock serpent zombie (Crypt:2)
  An eye of devastation (Slime:3)
  A storm dragon simulacrum (Zot:2)
  14 vault sentinels
  3 black mambas
  18 smoke demons
  3 naga magi
  4 gargoyles
  5 molten gargoyles (Hell)
  6 orange demons
  A sea snake zombie (Hell)
  7 unseen horrors
  13 cane toads
  10 freezing wraiths
  Jeremiah (D:7)
  A purple draconian zombie (Crypt:2)
  4 centaur skeletons
  A swamp worm zombie (Crypt:2)
  2 hellions
  An unseen horror zombie (D:7)
  10 rime drakes
  6 efreet
  20 yaktaurs
  9 komodo dragons
  7 guardian mummies (Crypt:3)
  A death yak skeleton (Crypt:2)
  3 tormentors
  2 silent spectres
  10 ancient zymes
  A tengu conjurer (Depths:2)
  5 spectral harpies (Tar:1)
  A great orb of eyes zombie (Crypt:2)
  A queen bee (shapeshifter) (Depths:3)
  A sea snake skeleton (Hell)
  3 red devils (D:14)
  A queen bee (D:13)
  18 polar bears
  3 meliai
  A polar bear (shapeshifter) (Abyss:3)
  Grinder (D:3)
  5 tyrant leeches
  A tyrant leech (shapeshifter) (Vaults:5)
  24 saltlings (Desolation)
  7 hornets
  15 trolls
  2 hydra skeletons (Hell)
  A tengu simulacrum (Depths:1)
  A tarantella (shapeshifter) (Vaults:5)
  26 tarantellas
  6 blink frogs
  A meliai zombie (Crypt:1)
  6 glass eyes
  A human simulacrum (Vaults:1)
  23 jumping spiders
  23 raiju
  2 spectral elephants (Lair:5)
  64 flying skulls
  A black mamba zombie (Crypt:1)
  6 air elementals
  2 jumping spiders (shapeshifter)
  An iron dragon simulacrum (Crypt:3)
  102 slime creatures
  2 ettin skeletons
  5 shadows
  32 culicivoras
  A centaur simulacrum (Crypt:3)
  3 vampires
  7 ynoxinuls
  22 yaks
  15 wraiths
  A human (D:10)
  2 wyverns (Lair:5)
  A fire elemental (Elf:3)
  2 humans (shapeshifter)
  2 basilisks
  15 small abominations
  A water elemental (Hell)
  A hog (shapeshifter) (D:13)
  5 hogs (Spider:3)
  4 fire bats
  18 golden eyes
  4 vampire mosquitoes
  2 chaos spawn
  A death yak simulacrum (Lair:5)
  6 neqoxecs
  41 redbacks
  2 steam dragons
  A sea snake simulacrum (Hell)
  Menkaure (D:7)
  A green draconian simulacrum (Zot:2)
  2 glowing shapeshifter zombies
  A red draconian simulacrum (Zot:2)
  A swamp worm (shapeshifter) (Zig:7)
  2 acid dragons (D:11)
  9 swamp worms
  6 wargs
  A hydra simulacrum (Hell)
  11 water moccasins
  A faun skeleton (Crypt:1)
  A moth of wrath simulacrum (Zot:2)
  5 swamp drakes (Swamp:4)
  A naga skeleton (Crypt:3)
  25 orc warriors
  2 ice beasts (Abyss:3)
  A sky beast (D:6)
  5 black bears
  A hornet zombie (D:7)
  A blink frog zombie (Crypt:1)
  32 large abominations
  18 ogres
  An ogre (shapeshifter) (D:15)
  2 centaurs (D:9)
  An elephant skeleton (Lair:5)
  A hog skeleton (Crypt:2)
  A yaktaur zombie (Crypt:2)
  4 elf zombies
  4 kobold brigands
  5 scorpions
  7 bullfrogs
  7 necrophages
  3 earth elementals
  13 wights
  3 elephant simulacra (Lair:5)
  19 killer bees
  A warg skeleton (Crypt:2)
  An electric eel (D:8)
  3 howler monkeys (D:10)
  5 human zombies
  2 quasits (Abyss:3)
  4 centaur zombies
  A hound (D:5)
  A bullfrog zombie (D:7)
  3 jellies
  24 orc priests
  2 gnoll boudas
  4 iron imps
  Crazy Yiuf (D:3)
  Jessica (D:3)
  A human skeleton (Crypt:1)
  5 iguanas
  30 orc wizards
  A boggart skeleton (Crypt:2)
  A killer bee zombie (D:7)
  2 ogre skeletons
  9 mummies
  A howler monkey zombie (D:7)
  11 gnolls
  12 adders
  A steam dragon skeleton (Crypt:1)
  4 shadow imps
  2 white imps (D:7)
  5 ufetubi
  3 worms
  6 dart slugs
  70 orcs
  8 ball pythons
  5 bats
  6 endoplasms
  A giant cockroach (D:3)
  5 goblins
  6 hobgoblins
  A quokka (D:3)
  A frilled lizard (shapeshifter) (D:14)
  5 frilled lizards
  A goblin zombie (Ossuary)
  2 hobgoblin zombies (Ossuary)
  3 jackal zombies (Ossuary)
  14 kobolds
  2 orc zombies (Ossuary)
  A quokka skeleton (Crypt:1)
  10 rats
  A lurking horror (Abyss:4)
  10 starspawn tentacles
  2 tentacles (Hell)
2817 creatures vanquished.

Vanquished Creatures (collateral kills)
  A dread lich (Zot:5)
  An orb of fire (Zot:5)
  A Killer Klown (Zot:5)
  3 bone dragons
  2 Tzitzimimeh (Tar:7)
  4 tentacled monstrosities
  An Orb Guardian (Zot:5)
  3 tainted leviathans
  A quicksilver dragon (Zot:1)
  A sphinx (Depths:3)
  2 tentacled starspawn
  2 acid blobs
  3 death cobs
  2 storm dragons (Zot:2)
  2 shadow dragons
  A draconian monk (Zot:3)
  An azure jelly (Slime:4)
  A fire giant (Depths:2)
  A frost giant (Depths:2)
  Louise (Swamp:3)
  A vault warden (Vaults:2)
  A draconian annihilator (Zot:1)
  4 draconian shifters
  2 very ugly things (Depths:1)
  2 broodmothers
  A formless jellyfish (Slime:1)
  2 ironbound thunderhulks
  A vampire knight (Depths:2)
  2 putrid mouths
  2 green draconians
  An eleionoma (Swamp:2)
  Nessos (Orc:2)
  2 purple draconians (Zot:3)
  2 deep elf annihilators (Elf:3)
  A deep elf demonologist (Elf:3)
  2 bunyips
  2 white draconians
  2 dire elephants
  A yellow draconian (Zot:2)
  4 red draconians
  2 entropy weavers
  A servant of whispers (Desolation)
  A yaktaur captain (Vaults:2)
  An ice dragon (Depths:4)
  2 vault guards (D:14)
  A ghost crab (Swamp:4)
  11 hydras
  Erolcha (D:11)
  An ironbound frostheart (IceCv)
  A rakshasa (D:15)
  A centaur warrior (D:13)
  An alligator (Swamp:4)
  2 boulder beetles
  3 dancing weapons (Elf:2)
  A two-headed ogre (shapeshifter) (Elf:2)
  A two-headed ogre (Orc:2)
  A deep troll earth mage (Depths:1)
  3 demonic crawlers (Spider:2)
  A hell hog (Abyss:5)
  A vampire mage (Depths:3)
  2 thrashing horrors
  2 deep elf knights
  A sun demon (Abyss:5)
  A pharaoh ant (Spider:1)
  2 sun moths (Spider:2)
  A wretched star (Abyss:3)
  A shadow wraith (Tar:7)
  A glowing orange brain (Abyss:4)
  A spectral anaconda (Tar:4)
  A naga ritualist (Zig:4)
  3 swamp dragons (Swamp:4)
  7 deep trolls
  A flayed ghost (Depths:3)
  A quicksilver dragon simulacrum (Zot:2)
  3 orb spiders
  A deep elf archer (Elf:1)
  A bog body (Lair:2)
  3 ironbound convokers
  2 deep elf zephyrmancers
  2 deep elf pyromancers (Elf:2)
  8 ugly things
  A tengu skeleton (Vaults:2)
  A cyclops (D:14)
  2 wolf spiders (Spider:1)
  A lindwurm (Vaults:1)
  A manticore (D:14)
  A frost giant zombie (Depths:1)
  3 will-o-the-wisps
  A stone giant skeleton (Vaults:2)
  2 worldbinders
  A shining eye (Slime:1)
  A fire giant skeleton (Depths:2)
  4 moths of wrath
  A salamander (Depths:2)
  A human skeleton (Vaults:1)
  An elephant (Lair:5)
  An eye of devastation (Slime:1)
  2 smoke demons
  3 orange demons
  4 torpor snails
  A hellion (Tar:7)
  7 large abominations
  4 rime drakes (IceCv)
  A freezing wraith (Spider:2)
  A komodo dragon (Lair:4)
  5 yaktaurs
  2 tormentors
  An ancient zyme (Abyss:4)
  3 trolls
  A harpy zombie (Abyss:3)
  A yaktaur skeleton (Vaults:1)
  A spectral naga (Tar:6)
  A silent spectre (Tar:2)
  A bloated husk (Swamp:4)
  A meliai (D:13)
  A tyrant leech (Swamp:1)
  A red devil (D:14)
  3 blink frogs
  3 polar bears
  7 saltlings (Desolation)
  A hornet (Swamp:3)
  A raiju (Abyss:4)
  6 tarantellas
  A spectral elephant (Lair:5)
  9 jumping spiders
  8 slime creatures
  An air elemental (Elf:2)
  5 culicivoras
  An ettin skeleton (Vaults:1)
  3 ynoxinuls
  4 wraiths
  A fire bat (Abyss:4)
  A golden eye (Abyss:4)
  13 redbacks
  A yak (D:12)
  A human simulacrum (Vaults:2)
  A vampire mosquito (D:11)
  6 neqoxecs
  2 swamp worms
  2 wargs
  A glowing shapeshifter zombie (Depths:1)
  2 water moccasins (Lair:2)
  3 swamp drakes
  An ogre skeleton (Vaults:2)
  3 orc warriors
  7 ogres
  4 starcursed masses
  4 small abominations (Abyss:3)
  3 orc priests
  6 orc wizards
  2 shadow imps (Tar:7)
  An ufetubus (Abyss:3)
  13 orcs
  A lurking horror (Abyss:3)
  3 starspawn tentacles
352 creatures vanquished.

Vanquished Creatures (others)
  An orb of fire (Zot:5)
  An ogre mage (Vaults:5)
  A jorogumo (Spider:3)
  A bloated husk (Swamp:1)
  A hydra simulacrum (Abyss:4)
  An orc warrior (Elf:3)
  A swamp drake (Swamp:4)
  An orc wizard (Elf:3)
  An orc (Elf:2)
  37 foxfires
  A lurking horror (Abyss:3)
  16 starspawn tentacles
  2 tentacles (Hell)
65 creatures vanquished.

Grand Total: 3234 creatures vanquished

Notes
Turn   | Place    | Note
-------+----------+-------------------------------------------
     0 | D:1      | p00ps00p the Hill Orc Fighter began the quest for the Orb.
     0 | D:1      | Reached XP level 1. HP: 19/19 MP: 1/1
   202 | D:1      | Reached XP level 2. HP: 23/27 MP: 2/2
   474 | D:1      | Reached XP level 3. HP: 31/33 MP: 3/3
   758 | D:2      | Found a faded altar of an unknown god.
  1277 | D:2      | Reached XP level 4. HP: 26/40 MP: 4/4
  1737 | D:3      | Found a burning altar of Makhleb.
  1769 | D:3      | Found Bufuppuc's Weapon Shoppe.
  1926 | D:3      | HP: 2/41 [something (4)]
  1942 | D:3      | Noticed Jessica
  2141 | D:3      | Reached XP level 5. HP: 47/47 MP: 3/5
  2357 | D:3      | Killed Jessica
  2732 | D:3      | Noticed Grinder
  2742 | D:3      | Killed Grinder
  2743 | D:3      | Reached skill level 5 in Fighting
  2743 | D:3      | Reached skill level 5 in Axes
  2743 | D:3      | Reached XP level 6. HP: 44/56 MP: 4/6
  2804 | D:3      | Found a runed translucent door.
  2811 | D:3      | Noticed Crazy Yiuf
  3002 | D:4      | Found Liteapul's Assorted Antiques.
  3025 | D:4      | Reached skill level 5 in Shields
  3124 | D:4      | Noticed a black bear
  3134 | D:4      | Reached skill level 5 in Armour
  3134 | D:4      | Reached XP level 7. HP: 53/61 MP: 5/7
  3516 | D:4      | Found Ximij's Armour Boutique.
  3892 | D:5      | Entered Level 5 of the Dungeon
  3950 | D:5      | Found a staircase to the Ecumenical Temple.
  3956 | Temple   | Entered the Ecumenical Temple
  3997 | Temple   | Became a worshipper of Gozag Ym Sagoz the Greedy
  4068 | D:5      | Found a sand-covered staircase.
  4074 | Ossuary  | Entered an ossuary
  4100 | Ossuary  | Reached XP level 8. HP: 54/71 MP: 8/8
  6300 | D:6      | Reached XP level 9. HP: 70/79 MP: 7/9
  6443 | D:6      | Found a shadowy altar of Dithmenos.
  6443 | D:6      | Found a blossoming altar of Fedhas.
  6713 | D:6      | Noticed a gargoyle
  6720 | D:6      | Killed a gargoyle
  6739 | D:6      | Noticed a troll
  6746 | D:6      | Noticed a gargoyle
  6768 | D:6      | Killed a troll
  6785 | D:6      | Killed a gargoyle
  7471 | D:6      | Reached XP level 10. HP: 87/91 MP: 8/10
  7832 | D:7      | Reached skill level 10 in Axes
  7920 | D:7      | Noticed Menkaure
  7926 | D:7      | Killed Menkaure
  8112 | D:7      | Noticed Jeremiah
  8210 | D:7      | Found a radiant altar of Vehumet.
  8420 | D:7      | Found Ticsoet's General Store.
  8443 | D:7      | Found a runed translucent gate.
  8501 | D:7      | You fall into a shaft and drop 1 floor!
  8532 | D:8      | Noticed a two-headed ogre
  8535 | D:8      | Reached skill level 10 in Fighting
  8559 | D:8      | Killed a two-headed ogre
  8625 | D:8      | Found Zily's Jewellery Shop.
  8786 | D:7      | Found a runed translucent gate.
  8787 | D:7      | Found a runed translucent gate.
  8787 | D:7      | Identified the +4 plate armour of Vamaucin {+Inv rN++ Str-4
                  | Int+2}
  8789 | D:7      | Noticed jujuben's ghost (novice TeAE)
  8792 | D:7      | Identified the +0 leather armour of Resourcefulness {rF++
                  | Str+3 Int+2 Dex-5}
  8833 | D:7      | Killed Jeremiah
  9222 | D:7      | Found a roughly hewn altar of Beogh.
  9577 | D:8      | Reached XP level 11. HP: 87/98 MP: 11/11
  9681 | D:3      | Bought the +16 obsidian axe {drain, demonic, Mesm Drain Fly
                  | SInv} for 1328 gold pieces
  9681 | D:3      | Found the +16 obsidian axe {drain, demonic, Mesm Drain Fly
                  | SInv}
 10910 | D:9      | Reached skill level 10 in Shields
 11406 | D:10     | Entered Level 10 of the Dungeon
 11421 | D:10     | Reached skill level 10 in Armour
 11514 | D:10     | Found a staircase to the Orcish Mines.
 11720 | D:10     | Found a broken altar of Ashenzari.
 12466 | D:11     | Found Jizy's Antique Armour Shoppe.
 12467 | D:11     | Noticed a boulder beetle
 12481 | D:11     | Killed a boulder beetle
 12646 | D:11     | Noticed Erolcha
 12663 | D:11     | Killed Erolcha
 12694 | D:11     | Noticed Harold
 12696 | D:11     | Noticed a deep elf pyromancer
 12699 | D:11     | Killed Harold
 12700 | D:11     | Reached XP level 12. HP: 112/112 MP: 12/12
 12719 | D:11     | Noticed a boulder beetle
 12719 | D:11     | Identified the ring "Ikhlosch" {Will+ MP+9 Dex+3}
 12719 | D:11     | Noticed a fire giant
 13057 | D:11     | Killed a boulder beetle
 13398 | D:10     | Bought a pair of embroidered boots for 247 gold pieces
 13398 | D:10     | Bought a glowing chain mail for 247 gold pieces
 13595 | D:7      | Killed jujuben's ghost
 13637 | D:7      | Identified the scarf of Honour {rC+ rF+, rPois}
 13643 | D:7      | Identified a scroll of acquirement
 13646 | D:7      | Acquired a manual of Armour
 13777 | Orc:1    | Entered Level 1 of the Orcish Mines
 14266 | Orc:1    | Found Nintixoxt's Self-Improvement Boutique.
 14622 | Orc:2    | Entered Level 2 of the Orcish Mines
 14641 | Orc:2    | Noticed Nessos
 14667 | Orc:2    | Killed Nessos
 14671 | Orc:2    | Found a staircase to the Elven Halls.
 14967 | Orc:1    | Bought a manual of Axes for 1040 gold pieces
 15100 | Orc:2    | Noticed an ogre mage
 15105 | Orc:2    | Noticed a two-headed ogre
 15110 | Orc:2    | Noticed a two-headed ogre
 15112 | Orc:2    | Noticed a two-headed ogre
 15112 | Orc:2    | Noticed a two-headed ogre
 15115 | Orc:2    | Killed a two-headed ogre
 15115 | Orc:2    | Noticed a two-headed ogre
 15117 | Orc:2    | Noticed a two-headed ogre
 15117 | Orc:2    | Noticed a two-headed ogre
 15118 | Orc:2    | Killed a two-headed ogre
 15119 | Orc:2    | Reached XP level 13. HP: 122/122 MP: 13/13
 15122 | Orc:2    | Found Dynukhli's Weapon Shoppe.
 15129 | Orc:2    | Reached skill level 15 in Axes
 15209 | Orc:2    | Found Juemituh's Book Emporium.
 15210 | Orc:2    | Found Kuurik's Assorted Antiques.
 15211 | Orc:2    | Found Ihyt Zikinn's Antique Armour Boutique.
 15233 | Orc:2    | Bought a distressingly furry chain mail for 304 gold pieces
 15233 | Orc:2    | Identified the +11 chain mail of Supple Strength {Rampage
                  | Drain Dex+3} (You bought it in a shop on level 2 of the
                  | Orcish Mines)
 16084 | D:11     | Killed a fire giant
 16238 | D:11     | Found a staircase to the Lair.
 16504 | D:11     | Acquired a +1 pair of boots of stealth
 16673 | D:4      | Bought 2 scrolls of enchant armour for 315 gold pieces
 16673 | D:4      | Bought a scroll of revelation for 157 gold pieces
 16673 | D:4      | Bought a tapered ivory wand for 84 gold pieces
 16746 | D:7      | Bought a scroll of enchant armour for 105 gold pieces
 17011 | D:12     | Reached skill level 15 in Armour
 17395 | Lair:1   | Entered Level 1 of the Lair of Beasts
 17440 | Lair:1   | Found a runed translucent gate.
 17441 | Lair:1   | Found a runed translucent gate.
 17441 | Lair:1   | Found a runed translucent gate.
 17444 | Lair:1   | Noticed Dicwisan's ghost (journeyman GrEE)
 17444 | Lair:1   | Noticed Viredejo's ghost (journeyman OgSh)
 17458 | Lair:1   | Noticed Urug
 17465 | Lair:1   | Killed Urug
 17466 | Lair:1   | Reached XP level 14. HP: 132/133 MP: 14/14
 18389 | Lair:1   | Killed Dicwisan's ghost
 18392 | Lair:1   | Killed Viredejo's ghost
 18420 | Lair:1   | Identified the +11 quarterstaff of the Ghost {flame, Dex+2
                  | SInv}
 18541 | Lair:2   | Reached skill level 15 in Fighting
 18598 | Lair:2   | Found a staircase to the Swamp.
 18658 | Lair:2   | Found a hole to the Spider Nest.
 19314 | Lair:3   | Noticed Nergalle
 19319 | Lair:3   | Killed Nergalle
 19347 | Lair:3   | Found a transporter.
 19384 | Lair:3   | Found a stormy altar of Qazlal.
 19451 | Lair:3   | Identified the +0 chain mail "Xyzuyd" {Harm +Blink Int+5
                  | Dex+2}
 19547 | Lair:3   | Noticed croobank's ghost (journeyman OpMo)
 19556 | Lair:3   | Found a bloodstained altar of Trog.
 19570 | Lair:3   | Found a transporter.
 20380 | Lair:4   | You are sucked into a shaft and drop 1 floor!
 20380 | Lair:5   | Entered Level 5 of the Lair of Beasts
 20924 | Lair:5   | Noticed a dire elephant
 20924 | Lair:5   | Noticed a dire elephant
 20924 | Lair:5   | Noticed a dire elephant
 20925 | Lair:5   | Noticed a dire elephant
 21088 | Lair:5   | Killed a dire elephant
 21091 | Lair:5   | Killed a dire elephant
 21094 | Lair:5   | Killed a dire elephant
 21095 | Lair:5   | Killed a dire elephant
 21096 | Lair:5   | Reached XP level 15. HP: 143/143 MP: 15/15
 21110 | Lair:5   | Identified the +0 hand axe of Plog {drain, rElec rF-
                  | Will+++ Str-3}
 21179 | Lair:5   | Identified the amulet of Abstinence {Rampage rC- Will+
                  | Regen+ Int+2}
 21448 | Lair:5   | Found a viscous altar of Jiyva.
 21448 | Lair:5   | Found a staircase to the Slime Pits.
 22389 | Swamp:1  | Entered Level 1 of the Swamp
 22498 | Swamp:1  | Reached skill level 15 in Shields
 23022 | Orc:1    | Bought a manual of Stealth for 1040 gold pieces
 23022 | Orc:1    | Bought a manual of Axes for 1040 gold pieces
 23193 | Swamp:2  | Identified the +5 morningstar of Dikety Ilem {holy, +Blink
                  | SInv}
 23240 | Swamp:2  | Reached skill level 1 in Stealth
 23357 | Swamp:2  | Identified the +0 ring mail "Jaeck" {Dex+2}
 24129 | Swamp:3  | Reached skill level 5 in Stealth
 24295 | Swamp:3  | Noticed Louise
 24303 | Swamp:3  | Killed Louise
 24488 | Swamp:3  | Identified the +10 arbalest "Jugiudye" {heavy, rElec rPois}
 24722 | Swamp:4  | Entered Level 4 of the Swamp
 24850 | Swamp:4  | Reached XP level 16. HP: 151/152 MP: 16/16
 24890 | Swamp:4  | Identified the +3 falchion "Bovesy" {heavy, rElec SInv}
 25136 | Swamp:4  | Noticed a thorn hunter
 25686 | Swamp:4  | Killed a thorn hunter
 25799 | Swamp:4  | Got a decaying rune of Zot
 26138 | Spider:1 | Entered Level 1 of the Spider Nest
 26138 | Spider:1 | Noticed Frances
 26172 | Spider:1 | Killed Frances
 26426 | Spider:1 | Bought a slimy war axe for 178 gold pieces
 26426 | Spider:1 | Identified the +1 war axe "Yfast" {venom, Int+6 Dex+3} (You
                  | bought it in a shop on level 1 of the Spider Nest)
 26426 | Spider:1 | Bought a scroll of enchant armour for 157 gold pieces
 26495 | Spider:1 | Reached skill level 10 in Stealth
 26897 | Spider:1 | Reached XP level 17. HP: 122/152 MP: 12/17
 27069 | Spider:2 | Noticed Arachne
 27388 | Spider:2 | Killed Arachne
 27448 | Spider:2 | Found a frozen archway.
 27553 | IceCv    | Entered an ice cave
 28541 | IceCv    | Reached skill level 1 in Dodging
 29333 | Spider:2 | Acquired 1269 gold pieces
 29339 | Spider:2 | Bought the amulet "Wiom" {Spirit rPois rCorr Str+3} for 637
                  | gold pieces
 29482 | Spider:3 | Found the +3 pair of gauntlets of War {Slay+5}
 29501 | Spider:3 | Reached XP level 18. HP: 162/168 MP: 18/18
 30189 | Spider:3 | Noticed Kirke
 30198 | Spider:3 | Killed Kirke
 30767 | Spider:4 | Entered Level 4 of the Spider Nest
 30860 | Spider:2 | Bought the +1 cloak of Proximity {rPois Str+6 Int+4 Dex-3}
                  | for 531 gold pieces
 31154 | Spider:4 | Identified the +0 pair of gloves of Mysticism {rN+ MP+9
                  | Str-5}
 31247 | Spider:4 | Noticed Nikola
 31263 | Spider:4 | Killed Nikola
 31645 | Spider:4 | Got a gossamer rune of Zot
 31648 | Spider:4 | Identified the scarf of the Evening Star {shadows, +Inv
                  | rElec Int+3}
 32572 | D:13     | Found a transporter.
 32593 | D:13     | Reached XP level 19. HP: 177/177 MP: 19/19
 32725 | D:13     | Identified the +3 dagger of Amortisation {freeze, Str+4}
 32727 | D:13     | Found a roughly hewn altar of Beogh.
 32727 | D:13     | Found a transporter.
 32948 | D:14     | Found a gate to the Vaults.
 33439 | D:15     | Entered Level 15 of the Dungeon
 33494 | D:15     | Reached skill level 5 in Dodging
 33543 | D:15     | Found a staircase to the Depths.
 33760 | D:15     | Found a sparkling altar of Nemelex Xobeh.
 34050 | D:15     | Bought a pair of smouldering boots for 266 gold pieces
 34050 | D:15     | Identified the +1 pair of boots of Estrysum {rCorr Str+3}
                  | (You bought it in a shop on level 15 of the Dungeon)
 34093 | Vaults:1 | Entered Level 1 of the Vaults
 35761 | Vaults:2 | Reached skill level 27 in Axes
 35763 | Vaults:2 | Reached XP level 20. HP: 189/189 MP: 20/20
 35849 | Vaults:2 | Found Recs's Jewellery Emporium.
 35876 | Vaults:2 | Bought a runed bronze wand for 96 gold pieces
 35876 | Vaults:2 | Bought a wand of iceblast (4) for 230 gold pieces
 35877 | Vaults:2 | Reached XP level 21. HP: 198/198 MP: 21/21
 35878 | Vaults:2 | Found Gumuenn's Distillery.
 35886 | Vaults:2 | Bought a potion of heal wounds for 75 gold pieces
 35886 | Vaults:2 | Bought a potion of heal wounds for 75 gold pieces
 35886 | Vaults:2 | Bought a potion of resistance for 150 gold pieces
 36014 | Vaults:2 | Found Obo Rixt's Antique Weapon Emporium.
 36016 | Vaults:2 | Found Xotet's Assorted Antiques.
 36091 | Vaults:2 | Identified the +0 barding of the Armadillo {Int+3 Dex-2
                  | SInv}
 36166 | Vaults:2 | Found Ugobb's Distillery.
 36180 | Vaults:2 | Bought a potion of might for 72 gold pieces
 36180 | Vaults:2 | Bought 2 potions of curing for 108 gold pieces
 36180 | Vaults:2 | Bought a potion of resistance for 180 gold pieces
 36180 | Vaults:2 | Bought a potion of curing for 54 gold pieces
 36180 | Vaults:2 | Bought a potion of curing for 54 gold pieces
 36765 | Vaults:2 | Identified the +0 hand axe of Spite {flame, rC- Will+
                  | Str+8}
 36848 | Vaults:2 | Found Voohoe's General Store.
 36857 | Vaults:2 | Bought a scroll of enchant weapon for 120 gold pieces
 36857 | Vaults:2 | Bought a wand of mindburst (11) for 246 gold pieces
 37057 | Vaults:3 | Found a staircase to the Crypt.
 37126 | Vaults:3 | Identified the +3 shortbow of Waomoxut {elec, rC- Dex+7
                  | SInv}
 38984 | Vaults:4 | Reached skill level 15 in Stealth
 39535 | Vaults:4 | Reached XP level 22. HP: 209/209 MP: 22/22
 40199 | Vaults:5 | Identified the "Dahietz"
 40199 | Vaults:5 | Identified the "Jigaucw"
 40199 | Crypt:3  | Identified the "Feipak"
 40199 | Depths:4 | Identified the "Uroapoll"
 40199 | Elf:1    | Identified the "Kekonoi"
 40199 | Desolati | Identified the "Orarreruman"
 40199 | Desolati | Identified the "Vadghyac"
 40199 | Desolati | Identified the "Yfiniek"
 40199 | Desolati | Identified the "Larioton"
 40199 | Desolati | Identified the "Itaap"
 40199 | Elf:1    | Entered Level 1 of the Elven Halls
 40211 | Elf:1    | Paralysed by an air elemental for 1 turns
 40228 | Elf:1    | Found a radiant altar of Vehumet.
 40334 | Elf:1    | Found a crumbling gateway.
 40353 | Desolati | Entered the Desolation of Salt
 40398 | Desolati | Identified the ring of Dissent {rPois rC+ rN+ Dex-5}
 40424 | Desolati | Identified the staff of Indignation {Contam rPois rC- Str+9
                  | Conj}
 40425 | Desolati | Identified the +6 long sword of Dil Ler {heavy, Str+6 Int-2
                  | Stlth+}
 40444 | Desolati | Identified the staff of Lydoqano {+Blink rF+ Earth}
 40939 | Desolati | Identified the ring of Womnoil {rPois Str+2}
 40942 | Desolati | Identified the +0 hat "Biymuko" {Will+}
 41153 | Elf:1    | Paralysed by an air elemental for 1 turns
 41461 | Elf:1    | Found Calyf's Distillery.
 41469 | Elf:1    | Bought a potion of heal wounds for 80 gold pieces
 41894 | Elf:2    | Reached skill level 1 in Evocations
 41897 | Elf:2    | Paralysed by an air elemental for 1 turns
 41901 | Elf:2    | Paralysed by an air elemental for 1 turns
 42124 | Elf:2    | Found a runed translucent gate.
 42124 | Elf:2    | Found a runed translucent gate.
 42124 | Elf:2    | Found a runed translucent gate.
 43399 | Elf:3    | Identified the of Wesiaz
 43399 | Elf:3    | Identified the of Lumipofast
 43399 | Elf:3    | Entered Level 3 of the Elven Halls
 43399 | Elf:3    | Found Roesan's Armour Shop.
 43434 | Elf:3    | Noticed Mara
 43438 | Elf:3    | Noticed p00ps00p's illusion
 43438 | Elf:3    | Found Ziugiat's Gadget Gallery.
 43468 | Elf:3    | Killed Mara
 43619 | Elf:3    | Found a radiant altar of Vehumet.
 43621 | Elf:3    | Bought a wand of quicksilver (1) for 71 gold pieces
 43621 | Elf:3    | Bought a wand of mindburst (9) for 214 gold pieces
 43621 | Elf:3    | Bought a wand of quicksilver (5) for 357 gold pieces
 43646 | Abyss:3  | Cast into level 3 of the Abyss (a deep elf sorcerer)
 43666 | Abyss:3  | Found a corrupted altar of Lugonu.
 43672 | Abyss:3  | Paralysed by accursed screaming for 1 turns
 43750 | Abyss:3  | Found a corrupted altar of Lugonu.
 43775 | Abyss:3  | Identified the staff of Ru's Respect {rElec Int+3 Conj}
 43776 | Abyss:3  | Found a runed translucent door.
 43802 | Abyss:3  | Found a runed translucent door.
 43863 | Abyss:3  | Reached XP level 23. HP: 215/218 MP: 18/18
 43916 | Abyss:3  | Reached skill level 5 in Evocations
 43938 | Elf:3    | Escaped the Abyss
 43940 | Elf:3    | Noticed Saint Roka
 44423 | Elf:3    | Identified the +1 long sword of Foul Odours {holy, Drain
                  | rC+++ Str-4 Stlth+}
 44682 | Elf:3    | Identified the staff "Arcanum" {rN+ Will+ Earth}
 44749 | Elf:3    | Identified the ring "Vistomu" {rC+ Dex+3}
 44750 | Elf:3    | Identified the amulet "Joly" {Reflect Dex+2 SH+5}
 44750 | Elf:3    | Identified the +6 orcbow of Xogicvuch {freeze, Dex+7
                  | Stlth-}
 44757 | Elf:3    | Killed Saint Roka
 45687 | Elf:3    | Noticed Donald
 45693 | Elf:3    | Killed Donald
 46073 | Depths:1 | Entered Level 1 of the Depths
 46215 | Depths:1 | Found an opulent altar of Gozag.
 46379 | Depths:1 | Found Imiqat's Jewellery Emporium.
 46657 | Depths:1 | Found a gateway to Hell.
 46802 | Depths:1 | Found a one-way gate leading to the halls of Pandemonium.
 47114 | Depths:1 | Bought a runed broad axe for 294 gold pieces
 47449 | Depths:2 | Paralysed by a vampire knight for 2 turns
 47534 | Depths:2 | Reached skill level 10 in Dodging
 47550 | Depths:2 | Reached XP level 24. HP: 221/231 MP: 23/23
 47889 | Depths:2 | Found a glowing golden altar of the Shining One.
 47895 | Depths:2 | Found a burning altar of Makhleb.
 48345 | Depths:2 | Identified the +7 great sword of Truncation {vamp, +Blink
                  | rElec Will-}
 48656 | Depths:3 | Found a one-way gateway to a ziggurat.
 49344 | Depths:3 | Found a one-way gate to the infinite horrors of the Abyss.
 49697 | Depths:3 | Noticed a caustic shrike
 49698 | Depths:3 | Noticed a caustic shrike
 49714 | Depths:3 | Killed a caustic shrike
 49715 | Depths:3 | Noticed a juggernaut
 49845 | Depths:3 | Noticed a juggernaut
 49871 | Depths:3 | Killed a juggernaut
 50013 | Depths:3 | Killed a juggernaut
 50022 | Depths:3 | Killed a caustic shrike
 50023 | Depths:3 | Reached skill level 10 in Evocations
 50057 | Depths:3 | Identified the +10 plate armour "Tasuipow" {rF+}
 50496 | Depths:4 | Entered Level 4 of the Depths
 51059 | Depths:4 | Noticed a caustic shrike
 51060 | Depths:4 | Noticed a caustic shrike
 51062 | Depths:4 | Noticed Parghit
 51062 | Depths:4 | Noticed a caustic shrike
 51062 | Depths:4 | Noticed a caustic shrike
 51068 | Depths:4 | Killed a caustic shrike
 51071 | Depths:4 | Killed a caustic shrike
 51073 | Depths:4 | Killed a caustic shrike
 51082 | Depths:4 | Killed Parghit
 51084 | Depths:4 | Killed a caustic shrike
 51102 | Depths:4 | Bought the +1 cloak of Starlight {*Dazzle EV+4 Stlth--} for
                  | 640 gold pieces
 51102 | Depths:4 | Found the +1 cloak of Starlight {*Dazzle EV+4 Stlth--}
 51748 | Depths:4 | Noticed Mennas
 51765 | Depths:4 | Killed Mennas
 51904 | Depths:4 | Found a gate to the Realm of Zot.
 52003 | Depths:4 | Reached XP level 25. HP: 212/243 MP: 23/23
 52818 | D:3      | Killed Crazy Yiuf
 53091 | D:13     | Identified the +2 helmet "Ycetutul" {Fly Will- Dex+3}
 53607 | Slime:1  | Entered Level 1 of the Pits of Slime
 53612 | Slime:1  | Gained mutation: You are dopey. (Int -2) [a shining eye]
 53618 | Slime:1  | Gained mutation: You are weak. (Str -2) [a shining eye]
 53623 | Slime:1  | Gained mutation: Your magical capacity is low. (-10% MP) [a
                  | shining eye]
 53629 | Slime:1  | Paralysed by a formless jellyfish for 1 turns
 54031 | Depths:4 | Bought the +2 helmet of the New World {rF+ rN+ rCorr} for
                  | 804 gold pieces
 54073 | Depths:4 | Voluntarily entered the Abyss.
 54073 | Abyss:3  | Found a corrupted altar of Lugonu.
 54081 | Abyss:3  | Found a corrupted altar of Lugonu.
 54193 | Abyss:3  | Found a corrupted altar of Lugonu.
 54389 | Depths:4 | Escaped the Abyss
 55040 | Depths:4 | Lost mutation: You are dopey. (Int -2) [potion of mutation]
 55040 | Depths:4 | Lost mutation: Your magical capacity is low. (-10% MP)
                  | [potion of mutation]
 55040 | Depths:4 | Lost mutation: You are weak. (Str -2) [potion of mutation]
 55040 | Depths:4 | Gained mutation: You are clumsy. (Dex -2) [potion of
                  | mutation]
 55040 | Depths:4 | Gained mutation: You expend magic power (3 MP) to
                  | strengthen your wands. [potion of mutation]
 55040 | Depths:4 | Gained mutation: Your system is resistant to poisons.
                  | (rPois) [potion of mutation]
 55302 | Orc:2    | Bought a scroll of enchant weapon for 292 gold pieces
 56265 | Slime:2  | You are sucked into a shaft and drop 1 floor!
 58680 | Slime:3  | Gained mutation: Armour fits poorly on your strangely
                  | shaped body. [a shining eye]
 58685 | Slime:3  | Gained mutation: Your natural rate of healing is unusually
                  | fast. [a shining eye]
 59965 | Vaults:5 | Entered Level 5 of the Vaults
 60481 | Vaults:5 | Paralysed by a sphinx for 3 turns
 60547 | Vaults:5 | Noticed a dread lich
 60553 | Vaults:5 | Noticed an ancient lich
 60564 | Vaults:5 | Killed a dread lich
 60579 | Vaults:5 | Killed an ancient lich
 60624 | Vaults:5 | Identified the staff of the Inviting Gods {+Blink rF+ rN++
                  | Dex+4 Fire}
 60684 | Vaults:5 | Reached skill level 27 in Fighting
 60825 | Vaults:5 | Reached XP level 26. HP: 173/266 MP: 23/23
 60841 | Vaults:5 | Noticed Xtahua
 60871 | Vaults:5 | Paralysed by Xtahua for 3 turns
 60883 | Vaults:5 | Killed Xtahua
 61248 | Vaults:5 | Identified the +0 ring mail "Seocusepra" {Int+2}
 61340 | Vaults:5 | Noticed an ancient lich
 61352 | Vaults:5 | Killed an ancient lich
 61618 | Vaults:5 | Reached skill level 27 in Armour
 61650 | Vaults:5 | Noticed a dread lich
 61657 | Vaults:5 | Killed a dread lich
 61854 | Vaults:5 | Found the +3 salamander hide armour {Flames, rFlCloud rF++
                  | rC--}
 61863 | Vaults:5 | Identified the amulet of Woiheroa {Acrobat Harm rN+ Str+3}
 61891 | Vaults:5 | Identified the +0 scale mail of Riheil {Str+6 Dex-3}
 61896 | Vaults:5 | Got a silver rune of Zot
 62955 | Depths:3 | Voluntarily entered the Abyss.
 63010 | Abyss:3  | Gained mutation: You are vulnerable to cold. (rC-) [a
                  | neqoxec]
 63074 | Abyss:3  | Found a corrupted altar of Lugonu.
 63181 | Abyss:3  | Found a corrupted altar of Lugonu.
 63202 | Abyss:3  | Found a corrupted altar of Lugonu.
 63224 | Abyss:3  | Found a corrupted altar of Lugonu.
 63335 | Abyss:3  | Found a corrupted altar of Lugonu.
 63344 | Abyss:3  | Found a corrupted altar of Lugonu.
 63714 | Abyss:4  | Gained mutation: You are very vulnerable to cold. (rC--) [a
                  | cacodemon]
 63820 | Depths:3 | Escaped the Abyss
 64065 | Depths:3 | Lost mutation: You expend magic power (3 MP) to strengthen
                  | your wands. [potion of mutation]
 64065 | Depths:3 | Lost mutation: Armour fits poorly on your strangely shaped
                  | body. [potion of mutation]
 64065 | Depths:3 | Lost mutation: You are clumsy. (Dex -2) [potion of
                  | mutation]
 64065 | Depths:3 | Gained mutation: You are clumsy. (Dex -2) [potion of
                  | mutation]
 64066 | Depths:3 | Lost mutation: Your system is resistant to poisons. (rPois)
                  | [potion of mutation]
 64066 | Depths:3 | Lost mutation: Your natural rate of healing is unusually
                  | fast. [potion of mutation]
 64066 | Depths:3 | Lost mutation: You are very vulnerable to cold. (rC--)
                  | [potion of mutation]
 64066 | Depths:3 | Gained mutation: You are occasionally teleported next to
                  | monsters. [potion of mutation]
 64066 | Depths:3 | Gained mutation: Your spells are a little easier to cast,
                  | but a little less powerful. [potion of mutation]
 64067 | Depths:3 | Lost mutation: Your spells are a little easier to cast, but
                  | a little less powerful. [potion of mutation]
 64067 | Depths:3 | Lost mutation: You are vulnerable to cold. (rC-) [potion of
                  | mutation]
 64067 | Depths:3 | Lost mutation: You are clumsy. (Dex -2) [potion of
                  | mutation]
 64067 | Depths:3 | Gained mutation: You are frail. (-10% HP) [potion of
                  | mutation]
 64068 | Depths:3 | Lost mutation: You are frail. (-10% HP) [potion of
                  | mutation]
 64068 | Depths:3 | Lost mutation: You are occasionally teleported next to
                  | monsters. [potion of mutation]
 64068 | Depths:3 | Gained mutation: You have a beak for a mouth. [potion of
                  | mutation]
 64069 | Depths:3 | Lost mutation: You have a beak for a mouth. [potion of
                  | mutation]
 64069 | Depths:3 | Gained mutation: Your flesh is cold resistant. (rC+)
                  | [potion of mutation]
 64069 | Depths:3 | Gained mutation: You have a somewhat thin skeletal
                  | structure. (Dex +2, Stealth+) [potion of mutation]
 64069 | Depths:3 | Lost mutation: You have a somewhat thin skeletal structure.
                  | (Dex +2, Stealth+) [potion of mutation]
 64657 | Slime:5  | Identified the "Poent"
 64657 | Slime:5  | Identified the "Cisefism"
 64657 | Slime:5  | Entered Level 5 of the Pits of Slime
 64665 | Slime:5  | Gained mutation: You are weak. (Str -2) [a shining eye]
 64667 | Slime:5  | Gained mutation: You expend magic power (3 MP) to
                  | strengthen your wands. [a shining eye]
 64861 | Slime:4  | Reached XP level 27. HP: 221/254 MP: 23/23
 64923 | Slime:4  | Gained mutation: Armour fits poorly on your strangely
                  | shaped body. [a shining eye]
 64930 | Slime:4  | Gained mutation: Your magical capacity is low. (-10% MP) [a
                  | shining eye]
 64932 | Slime:4  | Gained mutation: You are frail. (-10% HP) [a shining eye]
 65166 | Slime:5  | Gained mutation: Your magical capacity is very low. (-20%
                  | MP) [a shining eye]
 65170 | Slime:5  | Gained mutation: Your magical capacity is extremely low.
                  | (-30% MP) [a shining eye]
 66015 | Slime:5  | Found a viscous altar of Jiyva.
 66015 | Slime:5  | Noticed the Royal Jelly
 70262 | Slime:5  | Lost mutation: You expend magic power (3 MP) to strengthen
                  | your wands. [potion of mutation]
 70262 | Slime:5  | Lost mutation: You are weak. (Str -2) [potion of mutation]
 70262 | Slime:5  | Lost mutation: You are frail. (-10% HP) [potion of
                  | mutation]
 70262 | Slime:5  | Gained mutation: Potions are less effective at restoring
                  | your health. [potion of mutation]
 70262 | Slime:5  | Gained mutation: You expend magic power (3 MP) to
                  | strengthen your wands. [potion of mutation]
 70263 | Slime:5  | Lost mutation: Potions are less effective at restoring your
                  | health. [potion of mutation]
 70263 | Slime:5  | Lost mutation: Armour fits poorly on your strangely shaped
                  | body. [potion of mutation]
 70263 | Slime:5  | Lost mutation: Your magical capacity is extremely low.
                  | (-30% MP) [potion of mutation]
 70263 | Slime:5  | Gained mutation: You occasionally lose the ability to drink
                  | potions when taking damage. [potion of mutation]
 70264 | Slime:5  | Lost mutation: Your flesh is cold resistant. (rC+) [potion
                  | of mutation]
 70264 | Slime:5  | Lost mutation: You expend magic power (3 MP) to strengthen
                  | your wands. [potion of mutation]
 70264 | Slime:5  | Lost mutation: You occasionally lose the ability to drink
                  | potions when taking damage. [potion of mutation]
 70264 | Slime:5  | Gained mutation: Potions are less effective at restoring
                  | your health. [potion of mutation]
 70264 | Slime:5  | Gained mutation: Your muscles are strong. (Str +4, Int/Dex
                  | -1) [potion of mutation]
 70264 | Slime:5  | Gained mutation: Your system is resistant to poisons.
                  | (rPois) [potion of mutation]
 70403 | Slime:5  | Killed the Royal Jelly
 70870 | Slime:5  | Identified the +4 plate armour "Paalylecs" {Harm *Slow
                  | rPois rC-}
 70876 | Slime:5  | Identified the +5 long sword of Vyfextiu {holy, rCorr
                  | Int+3}
 70953 | Slime:5  | Identified the +2 mace "Juigixt" {spect, rC++}
 70976 | Slime:5  | Got a slimy rune of Zot
 70980 | Slime:5  | Identified the +8 sling of Duce {elec, rCorr Str+4 Int-4
                  | Stlth+}
 70992 | Slime:5  | Lost mutation: Your muscles are strong. (Str +4, Int/Dex
                  | -1) [potion of mutation]
 70992 | Slime:5  | Lost mutation: Your magical capacity is very low. (-20% MP)
                  | [potion of mutation]
 70992 | Slime:5  | Lost mutation: Potions are less effective at restoring your
                  | health. [potion of mutation]
 70992 | Slime:5  | Lost mutation: Your system is resistant to poisons. (rPois)
                  | [potion of mutation]
 71799 | Tomb:3   | Identified the "Taasy"
 71799 | Tar:7    | Identified the of Orphuphan
 71799 | Tar:7    | Identified the of Hirch
 71799 | Coc:7    | Identified the "Hoixufav"
 71799 | Coc:7    | Identified the of Colion
 71799 | Geh:7    | Identified the "Egoppuomn"
 71799 | Zig:1    | Entered Level 1 of a ziggurat
 71824 | Zig:2    | Entered Level 2 of a ziggurat
 71855 | Zig:2    | Acquired 389 gold pieces
 71877 | Zig:3    | Entered Level 3 of a ziggurat
 71880 | Zig:3    | Noticed Pockem the pandemonium lord
 71887 | Zig:3    | Killed Pockem the pandemonium lord
 71937 | Zig:4    | Entered Level 4 of a ziggurat
 71971 | Zig:4    | Identified the +7 halberd of Disharmony {venom, rPois rC+
                  | Str+2 SInv}
 71988 | Zig:5    | Entered Level 5 of a ziggurat
 71993 | Zig:5    | Noticed Emouloko the pandemonium lord
 72009 | Zig:5    | Killed Emouloko the pandemonium lord
 72010 | Zig:5    | Identified the orb of Sunlight {mayhem, -Tele rF+++ rN++
                  | Slay-3}
 72422 | Zig:6    | Entered Level 6 of a ziggurat
 72848 | Zig:6    | Identified the +6 sling of Jobrud {flame, Str+6 Int+3}
 72852 | Zig:6    | Identified the +0 hand axe of Resourcefulness {drain, rElec
                  | Str+2}
 72884 | Zig:7    | Entered Level 7 of a ziggurat
 73324 | Zig:7    | Identified the ring "Vokkesaj" {*Slow rElec rF+ rCorr
                  | Dex+7}
 73327 | Zig:7    | Identified the +9 shortbow of the Brewing Gods {freeze,
                  | Dex+3}
 73338 | Zig:8    | Entered Level 8 of a ziggurat
 73346 | Zig:8    | Noticed Taaly the pandemonium lord
 73364 | Zig:8    | Killed Taaly the pandemonium lord
 73377 | Zig:8    | Identified the +7 mace "Sarcophage" {drain, rPois Dex+5}
 74135 | Depths:3 | Voluntarily entered the Abyss.
 74182 | Abyss:4  | Identified the "Geatepto"
 74297 | Abyss:4  | Gained mutation: You have large cloven feet. [a neqoxec]
 74421 | Abyss:4  | Got an abyssal rune of Zot
 74446 | Depths:3 | Escaped the Abyss
 74752 | Depths:3 | Voluntarily entered the Abyss.
 74752 | Abyss:4  | Identified the "Ziarrod"
 74752 | Abyss:4  | Identified the "Buzyrurch"
 75068 | Abyss:5  | Paralysed by accursed screaming for 1 turns
 75120 | Depths:3 | Escaped the Abyss
 75606 | Depths:3 | Voluntarily entered the Abyss.
 75621 | Abyss:5  | Found a corrupted altar of Lugonu.
 75702 | Abyss:5  | Found a corrupted altar of Lugonu.
 75877 | Abyss:5  | Reached skill level 27 in Shields
 75889 | Abyss:5  | Paralysed by accursed screaming for 2 turns
 75940 | Depths:3 | Escaped the Abyss
 77050 | Zot:1    | Entered Level 1 of the Realm of Zot
 77256 | Zot:1    | Noticed an orb of fire
 77266 | Zot:1    | Killed an orb of fire
 77634 | Zot:1    | Found the +4 dragonskin cloak
 77634 | Zot:1    | Noticed Tiamat
 77650 | Zot:1    | Killed Tiamat
 78135 | Zot:1    | Identified the amulet "Etweeno" {Reflect Int+3 SH+5}
 78580 | Zot:2    | Identified the ring of Paranoia {Ice +Blink Str-5 Dex+3
                  | SInv}
 78580 | Zot:2    | Noticed Josephina
 78590 | Zot:2    | Killed Josephina
 78736 | Zot:2    | Identified the +6 sling of the Fortifying Gods {heavy,
                  | Str+3}
 78834 | Zot:2    | Found a transporter.
 78866 | Zot:2    | Noticed Cemmere's ghost (veteran TrCK)
 78960 | Zot:2    | Found a transporter.
 78997 | Zot:2    | Identified the +0 cloak of the Butterfly {rElec Dex+5}
 79116 | Zot:2    | Noticed an orb of fire
 79123 | Zot:2    | Killed an orb of fire
 79560 | Zot:2    | Acquired the amulet "Jituk" {Reflect Str+3 Dex+3 SH+5}
 79952 | Zot:3    | You are sucked into a shaft and drop 1 floor!
 81006 | Zot:5    | Entered Level 5 of the Realm of Zot
 81498 | Zot:5    | Noticed an orb of fire
 81501 | Zot:5    | Gained mutation: You are occasionally teleported next to
                  | monsters. [an orb of fire]
 81511 | Zot:5    | Killed an orb of fire
 81559 | Zot:5    | Noticed an orb of fire
 81562 | Zot:5    | Noticed an ancient lich
 81571 | Zot:5    | Gained mutation: You are frail. (-10% HP) [an orb of fire]
 81574 | Zot:5    | Killed an orb of fire
 81578 | Zot:5    | Killed an ancient lich
 81588 | Zot:5    | Noticed an orb of fire
 81598 | Zot:5    | Noticed a dread lich
 81606 | Zot:5    | Gained mutation: Your magical capacity is very low. (-20%
                  | MP) [an orb of fire]
 81611 | Zot:5    | Noticed a dread lich
 81620 | Zot:5    | Gained mutation: Your spells are a little easier to cast,
                  | but a little less powerful. [an orb of fire]
 81621 | Zot:5    | Killed an orb of fire
 81624 | Zot:5    | Killed a dread lich
 81635 | Zot:5    | Killed a dread lich
 82135 | Zot:5    | Paralysed by a Zot trap for 2 turns
 82145 | Zot:5    | Lost mutation: You are occasionally teleported next to
                  | monsters. [potion of mutation]
 82145 | Zot:5    | Lost mutation: Your magical capacity is very low. (-20% MP)
                  | [potion of mutation]
 82145 | Zot:5    | Lost mutation: You are frail. (-10% HP) [potion of
                  | mutation]
 82145 | Zot:5    | Lost mutation: Your spells are a little easier to cast, but
                  | a little less powerful. [potion of mutation]
 82603 | Zot:3    | Identified the +2 scale mail of the Charmed Grue {rElec rF+
                  | Dex+3}
 82772 | Zot:3    | Identified the +0 chain mail "Horiot" {rPois}
 83209 | Zot:5    | Bought a scroll of enchant armour for 307 gold pieces
 84157 | Vaults:2 | Bought a potion of mutation for 144 gold pieces
 84553 | Zot:2    | Killed Cemmere's ghost
 85303 | Lair:3   | Killed croobank's ghost
 85659 | Depths:2 | Fell from the grace of Gozag
 85659 | Depths:2 | Became a worshipper of the Shining One
 86204 | Temple   | Fell from the grace of the Shining One
 86204 | Temple   | Became a worshipper of Elyvilon the Healer
 86219 | Temple   | Fell from the grace of Elyvilon
 86219 | Temple   | Became a worshipper of the Shining One
 86696 | Crypt:1  | Entered Level 1 of the Crypt
 86716 | Crypt:1  | Reached * piety under the Shining One
 86730 | Crypt:1  | Reached ** piety under the Shining One
 86746 | Crypt:1  | Reached *** piety under the Shining One
 86838 | Crypt:1  | Reached **** piety under the Shining One
 86843 | Crypt:1  | Reached skill level 1 in Invocations
 86857 | Crypt:1  | You fall into a shaft and drop 1 floor!
 86870 | Crypt:2  | Reached ***** piety under the Shining One
 86876 | Crypt:2  | Noticed Margery
 86889 | Crypt:2  | Killed Margery
 86902 | Crypt:2  | Reached skill level 5 in Invocations
 87152 | Crypt:2  | Reached ****** piety under the Shining One
 87203 | Crypt:1  | Found a basalt altar of Yredelemnul.
 87333 | Crypt:1  | Paralysed by a vampire knight for 4 turns
 87420 | Crypt:1  | Found an ancient bone altar of Kikubaaqudgha.
 87789 | Crypt:1  | Acquired a manual of Dodging
 88291 | Crypt:2  | Reached skill level 10 in Invocations
 88527 | Crypt:2  | Acquired the +0 helmet "Esil" {rPois rF- Will+++ Stlth-}
 88548 | Crypt:3  | Entered Level 3 of the Crypt
 88711 | Crypt:3  | Found an ancient bone altar of Kikubaaqudgha.
 88958 | Crypt:3  | Noticed Khufu
 88959 | Crypt:3  | Found a staircase to the Tomb.
 89255 | Crypt:3  | Reached skill level 15 in Invocations
 90164 | Depths:1 | Identified a +9 broad axe of holy wrath (a +8 broad axe of
                  | venom blessed by the Shining One)
 90164 | Depths:1 | Received a gift from the Shining One
 90497 | Crypt:3  | Killed Khufu
 91281 | Hell     | Entered the Vestibule of Hell
 91281 | Hell     | Noticed Geryon
 91319 | Hell     | Killed Geryon
 91591 | Hell     | Found a gateway to the decaying netherworld of Tartarus.
 91699 | Hell     | Found a gateway to the freezing wastes of Cocytus.
 91821 | Hell     | Found a gateway to the Iron City of Dis.
 91907 | Hell     | Found a gateway to the ashen valley of Gehenna.
 92305 | Orc:2    | Bought 2 potions of heal wounds for 390 gold pieces
 92439 | Spider:1 | Bought a potion of heal wounds for 105 gold pieces
 92694 | Tar:1    | Entered Level 1 of Tartarus
 93640 | Tar:3    | Reached skill level 15 in Dodging
 95277 | Tar:4    | You fall into a shaft and drop 2 floors!
 96056 | Tar:7    | Entered Level 7 of Tartarus
 96409 | Tar:7    | Identified the +9 tower shield of Medixkaq {Stlth+}
 97387 | Tar:7    | Identified the +3 shortbow of Demonkind {drain, rC+}
 97409 | Tar:7    | Identified the +6 orcbow of Oseups {flame, rCorr}
 97726 | Tar:7    | HP: 12/271 [bone dragon (2)]
 97727 | Tar:7    | HP: 4/271 [Tzitzimitl (3)]
 97728 | Tar:7    | Succumbed to a tainted leviathan's dark miasma

Illustrated notes

Levels and vault maps discovered:
D:1:      minmay_arrival_glassed_features, layout_loops_ring
D:2:      layout_loops_ring, nicolae_ecumenical_oubliette, serial_rivers,
          chequers_serial_rivers_large_b, chequers_serial_rivers_small_3,
          chequers_serial_rivers_small_3, chequers_serial_rivers_micro_d,
          chequers_serial_rivers_micro_d
D:3:      layout_loops_corners, mainiacjoe_overflow_boulevard, serial_shops,
          nicolae_shop_tiny_real_fake_doors, minmay_misc_feat_five,
          uniq_crazy_yiuf_cottage, uniq_grinder, uniq_jessica
D:4:      layout_cave_pools, serial_shops, shop, nicolae_shop_stone,
          st_stairs_13, kennysheep_diamond, minmay_fractal_squares_5
D:5:      layout_cave_pods, minmay_temple_entry_hall,
          nicolae_ossuary_entry_plus, minmay_gold_behind_fungi,
          minmay_misc_feat_alley, minmay_crystal_room, minmay_liquid_box,
          ebering_dispersal_statue_hall, minmay_quadrilaterals
D:6:      layout_rooms, gammafunk_temple_overflow_elements, kb_rosetta
D:7:      kennysheep_spiral_hall, layout_loops_ring,
          lemuel_coloured_pillars_altar, serial_shops, nicolae_shop_trees,
          biasface_ghost_orc_armoury, serial_undead, serial_undead_c,
          serial_undead_f, serial_undead_a, serial_undead_c, serial_undead_a,
          uniq_jeremiah, uniq_menkaure
D:8:      layout_basic, serial_shops, nicolae_shop_getting_attention
D:9:      layout_cave_pods
D:10:     layout_stronghold, ashenzari_conservatory_becter, erik_orc_4,
          small_statue_intersection, corner_web_ring
D:11:     nzn_winding_woodlands_cross [nzn_winding_woodlands_5x15_jagged,
          nzn_winding_woodlands_5x15_twine,
          nzn_winding_woodlands_5x15_river_crossing,
          nzn_winding_woodlands_5x15_garden,
          nzn_winding_woodlands_15x15_thick_spiral], layout_loops_ring,
          serial_shops, shop, uniq_harold, uniq_erolcha
D:12:     layout_cave_pools
D:13:     gammafunk_beogh_shrine, layout_cave_pools, special_room
          [special_room_bee], small_chamber_with_monster
D:14:     layout_roguey, lightli_vaults_fourway_checkpoint,
          einodemon_armed_red_devil_minivault
D:15:     grunt_enter_depths_magical_seal, layout_basic,
          nemelex_lonely_heart_becter
Temple:   bh_familiar_temple
Lair:1:   layout_loops_ring, gammafunk_ghost_cemetery, uniq_urug
Lair:2:   layout_cave_pods, skrybe_swamp_entry_bodies,
          spider_nest_entry_web_field
Lair:3:   layout_concentric_octagons, basic_altar,
          gammafunk_ghost_wrathful_warriors, serial_bayou_shore_b, uniq_nergalle
Lair:4:   layout_small_grid
Lair:5:   due_jungle_book, layout_cave_pods, dpeg_slime_entry_enclosed,
          infiniplex_staircase_pool
Swamp:1:  layout_basic_swamp, hangedman_swamp_pad
Swamp:2:  layout_basic_swamp, serial_swamp_ruin, evilmike_swamp_ruin_rubble_1,
          evilmike_swamp_ruin_house_4, swamp_pool1
Swamp:3:  layout_basic_swamp, evilmike_swamp_ruin_house_5,
          infiniplex_staircase_pool_2, uniq_louise
Swamp:4:  swamp_basic_johnstein, layout_basic_swamp, swamp_pool2
Spider:1: nicolae_spider_broodchamber, uniq_frances
Spider:2: layout_spider_delve, portal_ice_cave_entry_frozen_things, uniq_arachne
Spider:3: nicolae_spider_hilbert_zone_7 [nicolae_spider_hilbert_4_sides_1_open,
          nicolae_spider_hilbert_4_sides_1_open,
          nicolae_spider_hilbert_4_sides_1_open,
          nicolae_spider_hilbert_4_sides_1_open,
          nicolae_spider_hilbert_3_sides_1_open,
          nicolae_spider_hilbert_3_sides_1_open,
          nicolae_spider_hilbert_3_sides_1_open,
          nicolae_spider_hilbert_3_sides_1_open,
          nicolae_spider_hilbert_4_sides_1_open,
          nicolae_spider_hilbert_4_sides_1_open,
          nicolae_spider_hilbert_4_sides_1_open,
          nicolae_spider_hilbert_2_sides_1_open,
          nicolae_spider_hilbert_2_sides_1_open,
          nicolae_spider_hilbert_2_sides_1_open,
          nicolae_spider_hilbert_2_sides_1_open,
          nicolae_spider_hilbert_2_sides_1_open,
          nicolae_spider_hilbert_2_sides_1_open], uniq_kirke
Spider:4: grunt_spider_rune_parallel, special_room, uniq_nikola
Slime:1:  layout_caves
Slime:2:  cheibrodos_slime_lost_civilization_10, layout_caves
Slime:3:  layout_caves
Slime:4:  layout_caves
Slime:5:  slime_pit_nicolae_inversion
Orc:1:    cheibrodos_orc_guarddog, layout_diamond_mine, nicolae_shop_self_help
Orc:2:    st_orc_open, layout_caves, nicolae_orc_pool_cavern, mines2_lemuel,
          uniq_nessos
Elf:1:    eino_elf_arrival_altar, layout_loops_ring,
          portal_desolation_entry_twin_temple, serial_shops, shop, minivault_28,
          minmay_misc_feat_diagonals, amcnicky_mini_rare_corridor_liquid
Elf:2:    elven_hall_of_blades_hangedman_original [nicolae_blade_bullseye],
          layout_onion_city, nicolae_elf_big_sculpture_3
Elf:3:    grunt_elf_hall_spiral, layout_onion_city, basic_altar, serial_shops,
          nicolae_shop_hallway_stairs, nicolae_shop_gadgets, uniq_saint_roka,
          uniq_mara, uniq_donald
Vaults:1: v_misc_17, nicolae_vaults_big_angled_halls,
          nicolae_vaults_ring_of_whatevers, v_rooms_5, vaults_room_hallway,
          nicolae_vaults_little_guard_posts, v_misc_16, v_misc_4,
          nicolae_vaults_double_plus_3, nicolae_vaults_apartment_2,
          layout_vaults_omnigrid
Vaults:2: hangedman_vaults_stitches, v_pattern_5, v_misc_13,
          nicolae_vaults_storage_closets_3, nicolae_vaults_network_star,
          nicolae_vaults_trapezoid_lopsided_4, vaults_standard_mumra_lines,
          nicolae_vaults_tetromino_T_2, grunt_vaults_hallway_long,
          nicolae_vaults_network_s, vaults_room_mumra_shop_pool,
          nicolae_vaults_rhombus_5, layout_vaults_maze, serial_shops,
          nicolae_shop_gaudy_bauble, nicolae_shop_stone, shop, shop,
          nicolae_diamond_shop
Vaults:3: vaults_mumra_minichess, vaults_room_guarded_vault, v_misc_23,
          v_misc_25, vaults_room_ringed_pool,
          hangedman_vaults_stretched_pinwheel, ontoclasm_vaults_misaligned,
          nicolae_vaults_mini_display_case, nicolae_vaults_theta,
          nicolae_vaults_double_plus_1, layout_vaults_chaotic_city
Vaults:4: v_misc_23, hangedman_vaults_pinch, vaults_room_door_hall,
          hangedman_vaults_stagger, vaults_standard_mumra_x,
          nicolae_vaults_asterisk, nicolae_vaults_tetromino_Z_2,
          nicolae_vaults_windows_and_doors_thing, nicolae_vaults_two_Ls,
          v_misc_28, layout_vaults_omnicross, serial_glass
Vaults:5: serial_shops, uniq_xtahua
Crypt:1:  layout_chaotic_city, basic_altar, lemuel_hellish_altar,
          grunt_crypt_arrival_guarded_gate
Crypt:2:  layout_misc_corridors, uniq_margery
Crypt:3:  grunt_crypt_end_deaths_head
Depths:1: layout_forbidden_donut, grunt_pan_entry_spiral, hell_entry,
          grunt_ministairs_10, st_stairs_14,
          nicolae_gozag_cash_rules_everything_around_me, minmay_shop_star
Depths:2: minmay_broken_ring, layout_long_grid, serial_bayou_pond_c,
          hellmouth_3, rand_demon_pan_entry_3, nzn_life_drinkers
Depths:3: evilmike_inaccessible_box, layout_gridlike, enter_ziggurat_b,
          grunt_hell_entry_dis_old, abyss_entry_crystal, hangedman_glass_teeth,
          grunt_pan_entry_in_and_out, nicolae_figureground_pulse,
          infiniplex_staircase_spiral
Depths:4: grunt_zot_entry_pinwheel, layout_long_grid, abyss_entry, hell_entry,
          serial_glass, glass_columns_b, glass_columns_a, glass_columns_c,
          glass_columns_a, glass_columns_a, glass_columns_c, glass_columns_c,
          glass_columns_b, glass_columns_a, glass_columns_b, glass_columns_b,
          glass_columns_a, glass_columns_c, glass_columns_a,
          chequers_serial_rivers_micro_e, grunt_pan_entry_sceptre, uniq_mennas,
          uniq_parghit
Hell
Tar:1:    layout_catacombs, nicolae_tar_windowcombs
Tar:2:    layout_grid_maze
Tar:3:    layout_cathedral_of_symmetry
Tar:4:    layout_catacombs
Tar:6:    layout_cathedral_of_symmetry
Tar:7:    tar_mu [tar_mu_maze]
Zot:1:    layout_onion, regret_index_zotdec_ceiling_fans,
          regret_index_zotdec_magical_s, uniq_tiamat
Zot:2:    layout_twisted_circle, regret_index_zotdec_under_construction,
          gammafunk_ghost_arena, uniq_josephina
Zot:3:    layout_twisted_circle, regret_index_zotdec_stipple_waver
Zot:4:    layout_cathedral_of_symmetry, grunt_megastairs_3
Zot:5:    layout_concentric_octagons, grunt_ministairs_9, nicolae_tricolors

Skill      XL: |  1  2  3  4  5  6  7  8  9 10 11 12 13 14 15 16 17 18 19 20 21 22 23 24 25 26 27 |
---------------+----------------------------------------------------------------------------------+-----
Axes           | 3 4 5 6 7 9 11 12 14 17 19 22 24 25 26 27 | 27.0
Fighting       | 4 5 6 7 9 10 12 13 14 15 16 17 18 19 20 22 23 27 | 27.0
Armour         | 4 5 6 8 9 11 12 15 17 19 21 22 23 24 25 27 | 27.0
Shields        | 4 5 6 8 9 11 12 13 14 15 16 17 18 19 22 27 | 27.0
Stealth        | 6 11 12 13 14 15 16 24 | 24.8
Dodging        | 1 4 6 7 9 10 11 15 | 15.9
Evocations     | 4 8 11 12 | 12.7
Invocations    | 20 | 20.7

Action                     |  1- 3 |  4- 6 |  7- 9 | 10-12 | 13-15 | 16-18 | 19-21 | 22-24 | 25-27 || total
---------------------------+-------+-------+-------+-------+-------+-------+-------+-------+-------++-------
  Melee: War axe           |   100 |   106 |   114 |       |       |       |       |       |       ||   320
         Hand axe          |       |       |   233 |   277 |       |       |       |       |   783 ||  1293
         Broad axe         |       |       |       |   220 |   533 |   681 |   590 |  1039 |  3066 ||  6129
         Unarmed           |       |       |       |       |       |       |       |       |    52 ||    52
 Invoke: Call Merchant     |       |       |       |     1 |     1 |     3 |     2 |     3 |     4 ||    14
         Summon Divine War |       |       |       |       |       |       |       |       |    17 ||    17
         Cleansing Flame   |       |       |       |       |       |       |       |       |     7 ||     7
         Divine Shield     |       |       |       |       |       |       |       |       |     6 ||     6
         Potion Petition   |       |       |       |       |       |       |       |       |     2 ||     2
         Brand Weapon With |       |       |       |       |       |       |       |       |     1 ||     1
  Evoke: Wand              |       |       |     6 |     3 |       |    17 |       |     8 |    38 ||    72
         Box of beasts     |       |       |       |       |       |     1 |       |       |       ||     1
         Phantom mirror    |       |       |       |       |       |       |       |       |     2 ||     2
    Use: Scroll            |     3 |     8 |    14 |    12 |    23 |     7 |     4 |    14 |    32 ||   117
         Potion            |       |     3 |     7 |     2 |     2 |     1 |     1 |     4 |    23 ||    43
   Stab: Distracted        |       |       |     1 |     6 |    12 |    24 |     9 |    35 |    74 ||   161
         Sleeping          |       |       |       |       |     1 |    25 |    27 |    22 |     1 ||    76
         Held in net/web   |       |       |       |       |       |     1 |       |       |       ||     1
         Invisible         |       |       |       |       |       |       |       |       |    12 ||    12
 Armour: Scale mail        |    68 |    65 |       |       |       |       |       |       |       ||   133
         Chain mail        |       |    20 |   273 |   275 |   204 |   406 |   161 |   296 |       ||  1635
         Gold dragon scale |       |       |       |       |       |       |       |       |  1376 ||  1376
         Skin              |       |       |       |       |       |       |       |       |    30 ||    30
  Dodge: Dodged            |    19 |    22 |    67 |    88 |   102 |   273 |   125 |   189 |  1304 ||  2189
  Block: Tower shield      |    72 |    77 |   328 |   390 |   391 |   858 |   409 |   750 |  4434 ||  7709
         Reflection        |       |       |       |       |       |       |       |    10 |    90 ||   100

Table legend: (Time is in decaauts)
 A = Elapsed time spent in this place.
 B = Non-inter-level travel time spent in this place.
 C = Inter-level travel time spent in this place.
 D = Time resting spent in this place.
 E = Time spent auto-exploring this place.
 F = Levels seen in this place.
 G = Mean time per level.
                   A        B        C        D        E       F      G
               +--------+--------+--------+--------+--------+-----+--------+
         Total |  96709 |  81917 |  14792 |  21153 |  40889 |  82 | 1179.4 |
       Dungeon |  21642 |  15623 |   6019 |   2077 |  10006 |  15 | 1442.8 |
        Temple |    201 |      4 |    197 |      0 |      0 |   1 |  201.0 |
          Lair |   6096 |   4550 |   1546 |    102 |   3719 |   5 | 1219.2 |
         Swamp |   3468 |   3294 |    174 |    532 |   2119 |   4 |  867.0 |
   Spider Nest |   4480 |   4227 |    253 |    722 |   2394 |   4 | 1120.0 |
    Slime Pits |  11088 |  10738 |    350 |   5794 |   2428 |   5 | 2217.6 |
  Orcish Mines |   2331 |   1867 |    464 |    460 |    891 |   2 | 1165.5 |
   Elven Halls |   4692 |   4205 |    487 |    576 |   2507 |   3 | 1564.0 |
        Vaults |   9491 |   7521 |   1970 |    877 |   4997 |   5 | 1898.2 |
         Crypt |   3553 |   3252 |    301 |    725 |   1627 |   3 | 1184.3 |
        Depths |  10519 |   8255 |   2264 |   3120 |   3854 |   4 | 2629.8 |
          Hell |   1649 |   1605 |     44 |    920 |    401 |   1 | 1649.0 |
      Tartarus |   4196 |   4061 |    135 |   2332 |    784 |   6 |  699.3 |
           Zot |   6659 |   6077 |    582 |    935 |   3672 |   5 | 1331.8 |
         Abyss |   2323 |   2323 |      0 |     56 |    302 |   8 |  290.4 |
      Ziggurat |   2099 |   2099 |      0 |   1576 |     22 |   8 |  262.4 |
       Ossuary |    237 |    237 |      0 |      0 |    149 |   1 |  237.0 |
      Ice Cave |   1269 |   1269 |      0 |    347 |    625 |   1 | 1269.0 |
    Desolation |    707 |    707 |      0 |      0 |    390 |   1 |  707.0 |
               +--------+--------+--------+--------+--------+-----+--------+

Top non-repeatable levels by time:
Depths:3: 4115 daAuts
 Slime:4: 3830 daAuts
 Slime:2: 2727 daAuts
Depths:4: 2712 daAuts
    D:11: 2698 daAuts
Vaults:1: 2470 daAuts
   Elf:3: 2400 daAuts
     D:7: 2328 daAuts
 Slime:5: 2233 daAuts
     D:5: 2208 daAuts
Vaults:4: 2179 daAuts
Depths:1: 1952 daAuts
  Lair:5: 1830 daAuts
 Crypt:3: 1812 daAuts
Vaults:2: 1777 daAuts
